 Dungeon Crawl Stone Soup version 0.30-a0-777-ga9a30cbeda (webtiles) character file.

Game seed: 5390899262772030012

130 Heoruswealwe the Trooper (level 4, -1/41 HPs)
             Began as a Minotaur Fighter on Feb 14, 2023.
             Slain by a gnoll
             ... wielding a +0 halberd
             ... led by a gnoll bouda
              (13 damage)
             ... on level 4 of the Dungeon.
             The game lasted 00:17:20 (2038 turns).

Heoruswealwe the Trooper (Minotaur Fighter)         Turns: 2038, Time: 00:17:21

Health: -1/41      AC:  4    Str: 23    XL:     4   Next: 89%
Magic:  3/3        EV:  9    Int:  5    God:
Gold:   122        SH:  4    Dex:  9    Spells: 3/3 levels left

rFire   . . .      SeeInvis .    a - +0 war axe
rCold   . . .      Faith    .    c - +0 buckler
rNeg    . . .      Spirit   .    b - +0 scale mail
rPois   .          Reflect  .    (helmet restricted)
rElec   .          Harm     .    (no cloak)
rCorr   .          Rampage  .    m - +0 pair of gloves
Will    .....                    (no boots) Stlth
                                 (no amulet)
HPRegen 0.26/turn                (no ring)
MPRegen 0.08/turn                (no ring)

@: corroded, fire susceptible
A: horns 2, retaliatory headbutt
a: no special abilities


You were on level 4 of the Dungeon.
You visited 1 branch of the dungeon, and saw 3 of its levels.

You collected 122 gold pieces.

Inventory:

Hand Weapons
 a - a +0 war axe (weapon)
 e - a +0 short sword
 h - a +0 dagger
 j - a +0 club
 l - a +0 dagger
 n - a +0 dagger
 s - a +0 club
 t - a +0 dagger
 w - a +0 mace
 B - a +0 hand axe
 C - a +0 dagger
 G - a +0 rapier
 H - a +2 dagger of chaos
 I - a +1 dagger of electrocution
Missiles
 r - 9 stones (quivered)
Armour
 b - a +0 scale mail (worn)
 c - a +0 buckler (worn)
 f - a +0 helmet
 i - a +0 leather armour
 m - a +0 pair of gloves (worn)
 q - a +0 scale mail
 u - a +0 robe
 E - a +0 robe
Scrolls
 k - a scroll of torment
 o - a scroll of teleportation
 p - a scroll of vulnerability {unknown}
 v - a scroll of magic mapping
 x - a scroll of enchant weapon {unknown}
 y - a scroll of noise {unknown}
 z - 2 scrolls of identify
Potions
 d - a potion of might
 g - a potion of brilliance
 A - a potion of lignification {unknown}
 D - a potion of curing {unknown}
 F - a potion of cancellation {unknown}


   Skills:
 * Level 4.5 Fighting
 * Level 3.4 Axes
 * Level 4.4 Armour
 * Level 4.4 Shields
 + Level 1.1 Invocations
 + Level 0.9 Evocations


You had 3 spell levels left.
You didn't know any spells.
Your spell library was empty.

Dungeon Overview and Level Annotations

Branches:
Dungeon (2/15)

Altars:
Makhleb
Xom
Ignis


Innate Abilities, Weirdness & Mutations

You have a pair of horns on your head.
You reflexively headbutt those who attack you in melee.


Message History

The gnoll is severely wounded.
You hit the gnoll. The gnoll closely misses you.
The gnoll hits you but does no damage.
You hit the gnoll.
The gnoll is severely wounded.
You slash the gnoll!
You feel a little less agile now. The gnoll misses you.
You block the gnoll's attack. The gnoll hits you with a +0 flail.
You barely miss the gnoll.
The gnoll is severely wounded.
You hit the gnoll. The gnoll barely misses you. You block the gnoll's attack.
The gnoll barely misses you. You furiously retaliate!
You headbutt the gnoll!
You kill the gnoll!
The gnoll closely misses you. The gnoll barely misses you.
You completely miss the gnoll. You closely miss the gnoll.
The gnoll hits you from afar with a +0 spear.
The gnoll misses you. You furiously retaliate!
You headbutt the gnoll! The gnoll barely misses you.
You slash the gnoll!
You kill the gnoll!
You hit the gnoll but do no damage. The gnoll hits you with a +0 club.
You block the gnoll's attack. The gnoll hits you but does no damage.
The gnoll misses you. The jelly hits you but does no damage.
The gnoll hits you but does no damage.
You barely miss the jelly.
You headbutt the jelly, but do no damage.
You hit the gnoll.
You kill the gnoll!
The gnoll closely misses you.
The gnoll hits you from afar with a +0 spear.
The jelly barely misses you.
You slash the jelly! The acid corrodes you!
Your hands burn!
The jelly is heavily wounded.
The gnoll hits you from afar with a +0 halberd!
The gnoll hits you from afar with a +0 spear.
* * * LOW HITPOINT WARNING * * *
The jelly barely misses you.
The gnoll hits you from afar with a +0 halberd!
You die...

....# #....##.
........ ### #.......
#.. ## #..... ##.. #..
#gg. .... ##..##J####
.... #....@)...# ###
+.........##+####+####
##..##.†..#...........
### #....##..........
#....##...##...##
#....#....##...##
#....'....#......
#...#####.##.....
##.##.._####.....


You could see a jelly and 2 gnolls.

Vanquished Creatures
  A crimson imp (D:4)
  A gnoll bouda (D:4)
  3 gnolls (D:4)
  A dart slug (D:2)
  3 ball pythons (D:1)
  4 bats
  5 endoplasms
  2 giant cockroaches
  6 goblins
  2 hobgoblins (D:1)
  2 kobolds
  6 rats
  15 bushes
51 creatures vanquished.

Vanquished Creatures (others)
  3 fungi (D:1)
  23 plants
26 creatures vanquished.

Grand Total: 77 creatures vanquished

Notes
Turn   | Place    | Note
-------+----------+-------------------------------------------
     0 | D:1      | Heoruswealwe the Minotaur Fighter began the quest for the
                  | Orb.
     0 | D:1      | Reached XP level 1. HP: 19/19 MP: 0/0
   475 | D:1      | Reached XP level 2. HP: 26/27 MP: 1/1
   760 | D:1      | Found a faded altar of an unknown god.
   827 | D:1      | Prayed at the altar of an unknown god.
   827 | D:1      | Became a worshipper of Ignis, the Dying Flame
   830 | D:1      | Fell from the grace of Ignis
  1582 | D:2      | Reached XP level 3. HP: 33/33 MP: 2/2
  1896 | D:2      | You fall into a shaft and drop 2 floors!
  1997 | D:4      | Found a burning altar of Makhleb.
  1997 | D:4      | Found a shimmering altar of Xom.
  2006 | D:4      | Reached XP level 4. HP: 34/40 MP: 3/3
  2031 | D:4      | Reached skill level 1 in Invocations
  2038 | D:4      | Slain by a gnoll

Illustrated notes

Levels and vault maps discovered:
D:1:      tarquinn_simple_flora_water_f, layout_loops_ring,
          shapermc_ecumenical_altar_mp_urbaneastern
D:2:      minmay_inner_zag, layout_basic, serial_forest,
          infiniplex_forest_lined_4_way, infiniplex_forest_lined_2,
          infiniplex_forest_clump_diagonal, infiniplex_forest_clump_medium,
          infiniplex_forest_end_2, infiniplex_forest_zigzag_2,
          infiniplex_forest_lined_1, infiniplex_forest_lined_2,
          infiniplex_forest_lined_1, basic_altar, kennysheep_pointless_box
D:4:      layout_gridville, grunt_temple_overflow_champion_of_chaos,
          grunt_qazlal_clouds, uniq_crazy_yiuf_cottage

Skill      XL: |  1  2  3  4 |
---------------+-------------+-----
Armour         | 4 |  4.4
Fighting       | 4 |  4.5
Shields        | 4 |  4.4
Axes           | 3 |  3.4
Invocations    | 1 |  1.1
Evocations     | |  0.9

Action                     |  1- 3 |  4- 6 || total
---------------------------+-------+-------++-------
  Melee: War axe           |   597 |    12 ||   609
         Headbutt          |   210 |     3 ||   213
 Invoke: Renounce Religion |     1 |       ||     1
    Use: Scroll            |     6 |       ||     6
         Potion            |     1 |       ||     1
 Armour: Scale mail        |    31 |     5 ||    36
  Dodge: Dodged            |    28 |    16 ||    44
  Block: Buckler           |    13 |     5 ||    18

Table legend: (Time is in decaauts)
 A = Elapsed time spent in this place.
 B = Non-inter-level travel time spent in this place.
 C = Inter-level travel time spent in this place.
 D = Time resting spent in this place.
 E = Time spent auto-exploring this place.
 F = Levels seen in this place.
 G = Mean time per level.
                   A        B        C        D        E       F      G
               +--------+--------+--------+--------+--------+-----+--------+
         Total |   2283 |   2124 |    159 |      0 |      0 |   3 |  761.0 |
       Dungeon |   2283 |   2124 |    159 |      0 |      0 |   3 |  761.0 |
               +--------+--------+--------+--------+--------+-----+--------+

Top non-repeatable levels by time:
     D:1: 1278 daAuts
     D:2: 854 daAuts
     D:4: 150 daAuts
